 Dungeon Crawl Stone Soup version 0.25-a0-992-gca090100c3 (webtiles) character file.

Game seed: 16886884931118079255, levelgen mode: deterministic

76 Esekla the Skirmisher (level 4, -4/41 HPs)
             Began as a Draconian Abyssal Knight on May 11, 2020.
             Was a Follower of Lugonu.
             Slain by Grinder (5 damage)
             ... on level 3 of the Dungeon.
             The game lasted 00:10:44 (1662 turns).

Esekla the Skirmisher (Draconian Abyssal Knight)    Turns: 1662, Time: 00:10:44

Health: -4/41      AC:  6    Str: 13    XL:     4   Next: 12%
Magic:  14/14      EV: 12    Int: 12    God:    Lugonu [*.....]
Gold:   163        SH:  0    Dex: 11    Spells: 4/4 levels left

rFire    . . .     SeeInvis .   a - +1 falchion
rCold    + . .     Gourm    .   (no shield)
rNeg     . . .     Faith    .   (armour unavailable)
rPois    .         Spirit   .   (helmet restricted)
rElec    .         Reflect  .   i - +0 cloak
rCorr    .         Harm     .   (no gloves)
MR       .....                  (no boots)
Stlth    +.........             (no amulet)
HPRegen  0.13/turn              k - ring of protection from cold
MPRegen  0.14/turn              e - ring of magical power

@: no status effects
A: unfitting armour, low mp 1, weak 1, cold-blooded, AC +5
a: Depart the Abyss, Renounce Religion


You were on level 3 of the Dungeon.
You worshipped Lugonu.
Lugonu was aware of your devotion.
You were not hungry.

You visited 1 branch of the dungeon, and saw 3 of its levels.
You visited the Abyss 1 time.

You collected 163 gold pieces.

Inventory:

Hand Weapons
 a - a +1 falchion (weapon)
 f - a +0 trident
Armour
 i - a +0 cloak (worn)
Jewellery
 c - an uncursed ring of positive energy
 e - a ring of magical power (right hand)
 k - a ring of protection from cold (left hand)
 n - an uncursed ring of ice
Scrolls
 g - 2 scrolls of enchant weapon {unknown}
 j - 2 scrolls of remove curse {unknown}
 l - 2 scrolls of identify {unknown}
 m - a scroll of blinking {unknown}
Potions
 d - a potion of brilliance {unknown}
 h - a potion of degeneration {unknown}
Comestibles
 b - 5 rations


   Skills:
 * Level 4.4 Fighting
 * Level 2.8 Long Blades
 + Level 2.5 Dodging
 * Level 0.8 Spellcasting
 + Level 2.1 Invocations


You had 4 spell levels left.
You didn't know any spells.
Your spell library was empty.

Dungeon Overview and Level Annotations

Branches:
Dungeon (3/15)

Altars:

Annotations:
D:3 Grinder


Innate Abilities, Weirdness & Mutations

Your plain brown scales are hard. (AC +5)
You cannot fit into any form of body armour.
You are cold-blooded and may be slowed by cold attacks.
Your magical capacity is low. (-10% MP)
You are weak. (Str -2)


Message History

You closely miss Grinder. You tail-slap Grinder.
Grinder is moderately wounded.
Grinder barely misses you.
You closely miss Grinder.
Grinder is moderately wounded.
Grinder misses you.
You riposte.
You hit Grinder.
Grinder is moderately wounded.
You slash Grinder!
Grinder is heavily wounded.
Grinder gestures at you. Pain shoots through your body!
* * * LOW HITPOINT WARNING * * *
You hit Grinder but do no damage.
You tail-slap Grinder, but do no damage.
Grinder is heavily wounded.
Grinder blinks!
Grinder hits you.
* * * LOW HITPOINT WARNING * * *
You writhe in agony.
You die...

#..# #.# #..## #.# #...
... #.# #..### #.### #.#
#.... ...#.#.# ##..#
##.#.#.#%#
##..####......#.#####.#
............)..5@.ยง...#
##.###....8..##.#######
##.###...8_8.##.#
#.........8.....#
#..#####)....##.#
#.....<.....###.#
#.#############.# #.
#.........# #.#########


You could see Grinder.

Vanquished Creatures
  A centaur skeleton (D:3)
  An adder (D:2)
  A worm (D:3)
  A dart slug (D:1)
  A leopard gecko (D:1)
  A bat (D:1)
  A giant cockroach (D:1)
  11 goblins
  3 hobgoblins
  5 jackals
  3 frilled lizards
  3 kobolds
  3 rats
35 creatures vanquished.

Vanquished Creatures (others)
  2 starspawn tentacles (Abyss:1)
2 creatures vanquished.

Grand Total: 37 creatures vanquished

Notes
Turn   | Place    | Note
-------+----------+-------------------------------------------
     0 | Abyss:1  | Esekla the Draconian Abyssal Knight began the quest for the
                  | Orb.
     0 | Abyss:1  | Reached XP level 1. HP: 19/19 MP: 2/2
   100 | Abyss:1  | Noticed a tentacled starspawn
   101 | Abyss:1  | Noticed a soul eater
   105 | Abyss:1  | Noticed a neqoxec
   106 | Abyss:1  | Noticed a raiju
   109 | Abyss:1  | Gained mutation: Your magical capacity is low. (-10% MP) [a
                  | neqoxec]
   111 | Abyss:1  | Noticed a crimson imp
   119 | Abyss:1  | Gained mutation: You are weak. (Str -2) [a neqoxec]
   127 | Abyss:2  | Found a corrupted altar of Lugonu.
   141 | Abyss:3  | Noticed a large abomination
   157 | Abyss:3  | Noticed a starcursed mass
   167 | Abyss:3  | Noticed a quasit
   183 | D:1      | Escaped the Abyss
   259 | D:1      | Reached XP level 2. HP: 13/26 MP: 3/3
   834 | D:2      | Reached * piety under Lugonu
   892 | D:2      | Reached skill level 4 in Fighting
   892 | D:2      | Reached XP level 3. HP: 32/33 MP: 4/4
  1510 | D:3      | Found a faded altar of an unknown god.
  1612 | D:3      | Reached XP level 4. HP: 35/41 MP: 5/5
  1648 | D:3      | Noticed Grinder
  1662 | D:3      | HP: 1/41 [Grinder (2)]
  1662 | D:3      | Slain by Grinder

Illustrated notes

Levels and vault maps discovered:
D:1:      psy_arrival_statuary, layout_loops_ring,
          chequers_serial_rivers_micro_a
D:2:      layout_basic, first_ration
D:3:      layout_loops_ring, grunt_temple_overflow_forces_of_nature,
          chequers_ecumenical_altar_simple, kennysheep_generic_room_4,
          uniq_grinder

Skill      XL: |  1  2 |
---------------+-------+-----
Fighting       | 4 |  4.4
Long Blades    | |  2.8
Dodging        | |  2.5
Spellcasting   | |  0.8
Invocations    | |  2.1

Action                   |  1- 3 |  4- 6 || total
-------------------------+-------+-------++-------
Melee: Falchion          |    84 |    12 ||    96
       Tailslap          |    13 |     3 ||    16
Invok: Depart the Abyss  |     1 |       ||     1
  Eat: Chunk             |     2 |       ||     2
Armor: Skin              |    20 |     2 ||    22
Dodge: Dodged            |    51 |     5 ||    56
       Rpst.: Falchion   |    14 |     1 ||    15

Table legend:
 A = Non-vault XP
 B = Vault XP
 C = Vault XP percentage of total XP
 D = Non-vault monster count
 E = Vault monster count
 F = Vault count percentage of total count
                 A         B        C        D         E       F
            +---------+---------+-------+---------+---------+-------
      Total |     109 |       0 |   0.0 |      35 |       0 |   0.0
            +---------+---------+-------+---------+---------+-------
        D:1 |      38 |       0 |   0.0 |      21 |       0 |   0.0
        D:2 |      20 |       0 |   0.0 |       6 |       0 |   0.0
        D:3 |      51 |       0 |   0.0 |       8 |       0 |   0.0
            +---------+---------+-------+---------+---------+-------
